 Dungeon Crawl Stone Soup version 0.22-a0-858-g985ef60 (webtiles) character file.

4051 tilp the Frost Mage (level 10, -1/76 HPs)
             Began as a Merfolk Ice Elementalist on July 27, 2018.
             Was an Initiate of Makhleb.
             Slain by a hornet (16 damage)
             ... while paralysed by a hornet
             ... on level 7 of the Dungeon.
             The game lasted 00:36:26 (10537 turns).

tilp the Frost Mage (Merfolk Ice Elementalist)     Turns: 10537, Time: 00:36:28

Health: -1/76      AC:  8    Str:  9    XL:     10   Next: 24%
Magic:  8/16       EV:  2    Int: 22    God:    Makhleb [......]
Gold:   100        SH:  0    Dex: 15    Spells: 7/17 levels left

rFire    + . .     SeeInvis .   K - +1 whip (elec)
rCold    . . .     Gourm    .   (no shield)
rNeg     . . .     Faith    .   Q - +1 leather armour {rF+}
rPois    .         Spirit   .   (no helmet)
rElec    .         Reflect  +   P - +0 cloak {+Inv}
rCorr    .         Harm     .   A - +2 pair of gloves
MR       .....                  (no boots)
Stlth    ++........             I - +2 amulet of reflection
HPRegen  0.22/turn              (no ring)
MPRegen  0.15/turn              (no ring)

@: paralysed, brilliant, lethally poisoned (-1 -> -6)
A: change form in water, swift swim, stealthy swim
a: Renounce Religion, Evoke Invisibility


You were on level 7 of the Dungeon.
You worshipped Makhleb.
Makhleb was noncommittal.
You were near starving.

You visited 2 branches of the dungeon, and saw 9 of its levels.
You also visited: Sewer and Ossuary.

You collected 453 gold pieces.
You spent 353 gold pieces at shops.

Inventory:

Hand Weapons
 p - a +0 spear
 t - a +0 trident
 G - a +2 whip of flaming
 K - a +1 whip of electrocution (weapon)
Missiles
 C - 2 tomahawks of returning (quivered)
 N - 5 tomahawks
Armour
 b - a +2 ring mail of cold resistance
 A - a +2 pair of gloves (worn)
 O - a scarf of spirit shield
 P - a +0 cloak of invisibility (worn)
 Q - a +1 leather armour of fire resistance (worn)
Magical Staves
 u - an uncursed staff of fire
Jewellery
 q - an uncursed amulet of the acrobat
 w - an uncursed ring of ice {unknown}
 I - a +2 amulet of reflection (around neck)
Wands
 g - a wand of flame (30)
Scrolls
 a - a scroll of summoning
 d - 5 scrolls of teleportation
 f - a scroll of fear
 i - 2 scrolls of fog
 k - a scroll of noise {unknown}
 l - a scroll of blinking
 n - 4 scrolls of immolation
 o - a scroll of amnesia
 r - 2 scrolls of remove curse
 v - 2 scrolls of magic mapping
 x - a scroll of torment
 y - a scroll of brand weapon {unknown}
 E - a scroll of identify
 J - a scroll of silence
Potions
 e - a potion of brilliance
 h - 3 potions of haste
 j - 2 potions of flight
 m - 2 potions of ambrosia
 z - 7 potions of curing
 B - a potion of lignification
 D - 8 potions of heal wounds
 F - a potion of might
 H - a potion of agility
 L - 2 potions of mutation
 M - a potion of resistance
Comestibles
 c - 11 rations


   Skills:
 - Level 6.1 Fighting
 - Level 9.0 Dodging
 - Level 2.1 Stealth
 - Level 4.1 Spellcasting
 - Level 2.0 Conjurations
 - Level 4.1 Charms
 + Level 9.9 Ice Magic
 - Level 4.6 Evocations


You had 7 spell levels left.
You knew the following spells:

 Your Spells              Type           Power        Failure   Level  Hunger
a - Freeze                Ice            ####         1%          1    None
b - Throw Frost           Conj/Ice       #####.       1%          2    #......
c - Ozocubu's Armour      Chrm/Ice       #####...     1%          3    ##.....
d - Throw Icicle          Conj/Ice       #####...     1%          4    ####...

Your spell library contained the following spells:

 Spells                   Type           Power        Failure   Level  Hunger
 Summon Ice Beast         Ice/Summ       #####...     2%          4    ####...


Dungeon Overview and Level Annotations

Branches:
Dungeon (8/15)             Temple (1/1) D:7
   Lair: D:8-11

Altars:
Ashenzari
Cheibriados
Dithmenos
Elyvilon
Fedhas
Gozag
Hepliaklqana
Makhleb
Nemelex Xobeh
Okawaru
Qazlal
Ru
Sif Muna
Trog
Uskayaw
Vehumet
Wu Jian
Xom
Yredelemnul
Zin
The Shining One

Shops:
D:6 [   D:7 ?

Annotations:
D:4 Sigmund
D:5 4 exclusions, Dowan
D:7 exclusion: deep elf mage
D:8 Grum


Message History

Casting: Freeze (safe; 1% risk of failure)
Confirm with . or Enter, or press ? or * to list all spells.
Aiming: Freeze (safe; 1% risk of failure)
Press: ? - help, Shift-Dir - straight line, f/p - hornet
Aim: a hornet (lightly wounded)
You freeze the hornet.
The hornet is heavily wounded.
You feel sick. The hornet closely misses you. x2
Casting: Freeze (safe; 1% risk of failure)
Confirm with . or Enter, or press ? or * to list all spells.
Aiming: Freeze (safe; 1% risk of failure)
Press: ? - help, Shift-Dir - straight line, f/p - hornet
Aim: a hornet (heavily wounded)
You freeze the hornet.
The hornet is heavily wounded.
You feel yourself speed up.
You feel sick. The hornet stings you.
* * * LOW HITPOINT WARNING * * *
You suddenly lose the ability to move!
The hornet stings you!
You die...

#### # ######### # #.......# #
#.#####.# ##.#####.########
#y..............#
#.>#####.######.# #..#####.#
#.## ###.....y@.# #..##
#.......###### #...#
#####.#.##.......#####.####
####..))............##.......#
.....###............##.##.##.#
....................##.##.##.#
.....#......<.......##.##.##.#
####.#..............##.##.##.#
..........###.......##.......#


You could see a hornet.

Vanquished Creatures
  Pikel (D:7)
  A hornet (D:7)
  A hippogriff (D:7)
  Edmund (D:4)
  2 ice beasts
  2 sky beasts
  2 slaves (D:7)
  4 ogres
  3 centaurs
  3 big kobolds (Sewer)
  2 bullfrogs (D:6)
  A water moccasin zombie (D:6)
  13 scorpions
  A jelly (D:6)
  2 crimson imps
  4 centaur zombies (Ossuary)
  A howler monkey (D:4)
  A human zombie (Ossuary)
  2 bullfrog skeletons
  5 orc priests
  Terence (D:3)
  3 iguanas
  4 orc wizards
  A worker ant (D:5)
  A hound zombie (D:6)
  3 mummies (Ossuary)
  2 worker ant zombies
  3 gnolls (D:7)
  4 scorpion zombies (Ossuary)
  11 adders
  A shadow imp (D:7)
  An ooze (D:2)
  An adder skeleton (D:6)
  5 worms
  2 dart slugs
  4 leopard geckos
  24 orcs
  13 bats
  17 giant cockroaches
  10 goblins
  9 hobgoblins
  6 ball pythons
  6 frilled lizards
  A goblin zombie (Ossuary)
  3 hobgoblin zombies (Ossuary)
  23 kobolds
  2 kobold zombies (Ossuary)
  3 orc zombies (Ossuary)
  A quokka skeleton (D:4)
  8 rats
225 creatures vanquished.

Vanquished Creatures (others)
  A bullfrog (D:7)
  A gnoll zombie (Ossuary)
  A quokka (D:7)
  A leopard gecko skeleton (D:7)
  A fungus (Sewer)
5 creatures vanquished.

Grand Total: 230 creatures vanquished

Notes
Turn   | Place    | Note
-------+----------+-------------------------------------------
     0 | D:1      | tilp the Merfolk Ice Elementalist began the quest for the Orb.
     0 | D:1      | Reached XP level 1. HP: 13/13 MP: 3/3
   182 | D:1      | Reached XP level 2. HP: 19/19 MP: 1/5
   186 | D:1      | Learned a level 2 spell: Throw Frost
   879 | D:1      | Reached XP level 3. HP: 23/24 MP: 6/6
   887 | D:1      | Learned a level 3 spell: Ozocubu's Armour
  1177 | D:2      | Reached skill level 5 in Ice Magic
  1177 | D:2      | Reached XP level 4. HP: 27/30 MP: 3/7
  2090 | D:3      | Noticed Terence
  2256 | D:3      | Reached XP level 5. HP: 35/35 MP: 3/8
  2320 | D:3      | Found a transporter.
  2321 | D:3      | Found a sacrificial altar of Ru.
  2322 | D:3      | Found a snail-covered altar of Cheibriados.
  2331 | D:3      | Found a transporter.
  2349 | D:3      | Found a faded altar of an unknown god.
  2565 | D:3      | Reached skill level 1 in Fighting
  3252 | D:3      | Reached XP level 6. HP: 39/45 MP: 3/9
  3438 | D:3      | Killed Terence
  3784 | D:4      | Found a bloodstained altar of Trog.
  3845 | D:4      | Found a glowing drain.
  3854 | Sewer    | Entered a sewer
  3997 | Sewer    | Reached skill level 5 in Dodging
  4133 | Sewer    | Reached XP level 7. HP: 35/54 MP: 2/10
  4228 | D:4      | Found a sand-covered staircase.
  4233 | Ossuary  | Entered an ossuary
  4355 | Ossuary  | Reached skill level 1 in Conjurations
  4355 | Ossuary  | Reached skill level 1 in Charms
  4969 | Ossuary  | Reached XP level 8. HP: 46/60 MP: 8/12
  5802 | Ossuary  | Reached skill level 1 in Evocations
  6541 | D:4      | Noticed Edmund
  6572 | D:4      | Killed Edmund
  6842 | D:4      | Reached XP level 9. HP: 59/65 MP: 9/15
  7002 | D:4      | Noticed Sigmund
  7156 | D:5      | Entered Level 5 of the Dungeon
  7216 | D:5      | Noticed Dowan
  7885 | D:6      | Reached skill level 5 in Fighting
  8083 | D:6      | Found an opulent altar of Gozag.
  9083 | D:6      | Found Cuneaj's Antique Armour Shop.
  9098 | D:6      | Bought an embroidered cloak for 195 gold pieces
  9415 | D:6      | Bought a glowing leather armour for 130 gold pieces
  9433 | D:6      | Learned a level 4 spell: Throw Icicle
  9473 | D:7      | Found Pigy's Magic Scroll Shoppe.
  9558 | D:7      | Bought a scroll of identify for 28 gold pieces
  9566 | D:7      | Found a staircase to the Ecumenical Temple.
  9593 | Temple   | Entered the Ecumenical Temple
  9770 | Temple   | Became a worshipper of Makhleb the Destroyer
  9845 | D:7      | Reached XP level 10. HP: 66/76 MP: 4/16
 10067 | D:7      | You fall through a shaft!
 10068 | D:8      | Noticed Grum
 10275 | D:7      | Noticed Pikel
 10281 | D:7      | Killed Pikel
 10475 | D:7      | Noticed a deep elf mage
 10513 | D:8      | Paralysed by a hornet for 1 turns
 10528 | D:7      | Paralysed by a hornet for 1 turns
 10537 | D:7      | Paralysed by a hornet for 3 turns
 10537 | D:7      | Slain by a hornet

Vault maps used:
D:1:      dpeg_arrival_lava_temple_mockup, minmay_misc_feat_four_crosses,
          minmay_misc_feat_roman, minmay_statues_item
D:2:      grunt_ministairs_3
D:3:      gammafunk_temple_overflow_arena, chequers_ecumenical_altar_grove,
          minmay_joined_circles, uniq_terence
D:4:      nicolae_overflow_crystal_walls, cheibrodos_sewer_entry_drain,
          lightli_ossuary_entry_decrepit_ruins, first_ration, uniq_edmund,
          uniq_sigmund
D:5:      uniq_duvessa, uniq_ijyb
D:6:      serial_shops, nicolae_shop_statue_plus,
          nicolae_gozag_cash_rules_everything_around_me
D:7:      minmay_temple_entry_large_hall, serial_shops, shop_scrolls,
          guppyfry_early_elven_hall, uniq_pikel
D:8:      kennysheep_vampire_church, uniq_grum
Temple:   eino_narrow_crystal_temple
Sewer:    kennysheep_pipe_town
Ossuary:  ossuary_minmay_scorpions

Skill      XL: |  1  2  3  4  5  6  7  8  9 10 |
---------------+-------------------------------+-----
Ice Magic      | 4 5 6 8 9 |  9.9
Dodging        | 4 5 6 9 |  9.0
Fighting       | 2 4 6 |  6.1
Conjurations   | 2 |  2.0
Charms         | 2 4 |  4.1
Spellcasting   | 4 |  4.1
Evocations     | 4 |  4.6
Stealth        | |  2.1

Action                   |  1- 3 |  4- 6 |  7- 9 | 10-12 || total
-------------------------+-------+-------+-------+-------++-------
Melee: Unarmed           |     1 |       |       |       ||     1
       Whip              |    41 |   202 |   369 |    23 ||   635
       Tailslap          |       |     1 |       |       ||     1
Throw: Tomahawk          |       |       |     8 |       ||     8
 Cast: Freeze            |    25 |   110 |   159 |    27 ||   321
       Ozocubu's Armour  |     1 |     5 |    26 |     2 ||    34
       Throw Frost       |       |     4 |    23 |       ||    27
Evoke: Wand              |       |     4 |     8 |     2 ||    14
  Use: Scroll            |     2 |     4 |    19 |     2 ||    27
       Potion            |       |       |     2 |     5 ||     7
 Stab: Sleeping          |       |    12 |     3 |       ||    15
       Paralysed         |       |    19 |    19 |       ||    38
  Eat: Chunk             |     1 |    13 |    15 |     1 ||    30
       Ration            |       |       |     2 |       ||     2
Armor: Robe              |     6 |    60 |    95 |       ||   161
       Leather armour    |       |       |    12 |    20 ||    32
Dodge: Dodged            |    48 |   228 |   350 |    46 ||   672
Block: Other             |       |       |    29 |     5 ||    34
       Reflection        |       |       |     1 |       ||     1

Table legend:
 A = Spawn XP
 B = Non-spawn XP
 C = Spawn XP percentage of total XP
 D = Spawn monster count
 E = Non-spawn monster count
 F = Spawn count percentage of total count
 G = Total turns spent on level
                    A         B        C        D         E        F      G
               +---------+---------+-------+---------+---------+-------+---------
         Total |       0 |    5788 |   0.0 |       0 |     223 |   0.0 | 10537
               +---------+---------+-------+---------+---------+-------+---------
           D:1 |       0 |      41 |   0.0 |       0 |      22 |   0.0 |  1124
           D:2 |       0 |     117 |   0.0 |       0 |      19 |   0.0 |  1025
           D:3 |       0 |     252 |   0.0 |       0 |      50 |   0.0 |  1631
           D:4 |       0 |     542 |   0.0 |       0 |      25 |   0.0 |  1244
           D:5 |       0 |     479 |   0.0 |       0 |      14 |   0.0 |   856
           D:6 |       0 |    1252 |   0.0 |       0 |      22 |   0.0 |  1461
           D:7 |       0 |    1609 |   0.0 |       0 |      14 |   0.0 |   845
         Sewer |       0 |     342 |   0.0 |       0 |      24 |   0.0 |   315
       Ossuary |       0 |    1154 |   0.0 |       0 |      33 |   0.0 |  1817
               +---------+---------+-------+---------+---------+-------+---------
